 Dungeon Crawl Stone Soup version 0.31-a0-986-g5e6e4ef867 (webtiles) character file.

Game seed: 2735995037669929013

110 p00ps00p the Trooper (level 4, -7/41 HPs)
             Began as a Hill Orc Fighter on Nov 9, 2023.
             Killed by nerve-wracking pain
             ... invoked by Grinder
              (12 damage)
             ... on level 3 of the Dungeon.
             The game lasted 00:02:35 (1606 turns).

p00ps00p the Trooper (Hill Orc Fighter)             Turns: 1606, Time: 00:02:36

Health: -7/41      AC: 12    Str: 20    XL:     4   Next: 91%
Magic:  4/4        EV:  9    Int:  8    God:
Gold:   136        SH:  5    Dex: 16    Spells: 3/3 levels left

rFire   . . .        q - +2 hand axe (elec)
rCold   . . .        c - +0 buckler
rNeg    . . .        b - +0 scale mail
rPois   .            (no helmet)
rElec   .            (no cloak)
rCorr   .            (no gloves)
SInv    .            l - +0 pair of boots
Will    .....        (no amulet) Stlth
                     k - +6 ring of dexterity
HPRegen 0.26/turn    m - +4 ring of protection
MPRegen 0.09/turn

%: no passive effects
@: mighty
A: no striking features
a: no special abilities


You were on level 3 of the Dungeon.
You visited 1 branch of the dungeon, and saw 3 of its levels.

You collected 136 gold pieces.

Inventory:

Hand Weapons
 a - a +0 war axe
 q - a +2 hand axe of electrocution (weapon)
Armour
 b - a +0 scale mail (worn)
 c - a +0 buckler (worn)
 l - a +0 pair of boots (worn)
Jewellery
 k - a +6 ring of dexterity (left hand)
 m - a +4 ring of protection (right hand)
 p - a ring of poison resistance
Scrolls
 e - a scroll of noise
Potions
 d - a potion of might
 f - a potion of magic
 g - 2 potions of attraction
 h - a potion of berserk rage {unknown}
 i - 2 potions of mutation {unknown}
 j - a potion of invisibility {unknown}
 n - a potion of degeneration {unknown}
 o - a potion of cancellation {unknown}


   Skills:
 + Level 4.5 Fighting
 + Level 4.0 Axes
 + Level 4.1 Armour
 + Level 4.1 Shields


You had 3 spell levels left.
You didn't know any spells.
Your spell library contained the following spells:

 Spells                   Type           Power      Damage    Failure   Level
 Gell's Gravitas          Tloc           0%         N/A       99%         3
 Teleport Other           Tloc           0%         N/A       99%         3
 Tukima's Dance           Hex            0%         N/A       99%         3
 Dimensional Bullseye     Hex/Tloc       0%         N/A       100%        4
 Iskenderun's Mystic Bla  Conj/Tloc      0%         2d3       100%        4
 Dispersal                Tloc           0%         N/A       100%        6


Dungeon Overview and Level Annotations

Branches:
Dungeon (3/15)

Altars:

Shops:
D:1 !

Annotations:
D:3 Grinder


Message History

Grinder blinks!
Grinder gestures at you. Pain shoots through your body!
Unknown command.
You hit Grinder but do no damage.
Grinder is severely wounded.
Grinder says, "DUCK!"
Grinder gestures at you. You resist with significant effort.
You closely miss Grinder.
Grinder is severely wounded.
Grinder hits you.
You writhe in agony.
You are too injured to fight recklessly!
Unknown command.
You are too injured to fight recklessly!
You are too injured to fight recklessly!
Unknown command.
You are too injured to fight recklessly!
You are too injured to fight recklessly!
Unknown command.
You feel very mighty all of a sudden. Grinder gestures at you.
You suddenly lose the ability to move!
Grinder gestures at you. You resist with significant effort.
Grinder hits you but does no damage.
You can move again.
You barely miss Grinder.
Grinder is severely wounded.
Grinder hits you!
* * * LOW HITPOINT WARNING * * *
You writhe in agony.
* * * LOW HITPOINT WARNING * * *
Unknown command.
You slash Grinder!
Grinder is almost dead.
Grinder gestures at you. Pain shoots through your body!
You die...
Grinder says, "Now the real fun starts!"

.# .# #### ##
######..##
##..##....#
#...†'....####
#....##..##..##
####..#####'....# #
##.†#'##[?5##....#
#####
#....##..@..##..##
.....
#....'†......##'##
#####
##..##.).8...##..##
#
##+##.......+....#
##.....##....#
##:$$##'#..## #
+#####..#### ##
##..##)...# .##
########....'....#


You could see Grinder.

Vanquished Creatures
  Jessica (D:2)
  Natasha (D:2)
  An adder (D:3)
  3 worms
  A dart slug (D:3)
  6 endoplasms
  3 giant cockroaches
  2 hobgoblins (D:3)
  A quokka (D:3)
  3 ball pythons
  4 bats (D:1)
  2 frilled lizards (D:3)
  3 goblins (D:2)
  7 kobolds
  5 rats (D:2)
43 creatures vanquished.

Notes
Turn   | Place    | Note
-------+----------+-------------------------------------------
     0 | D:1      | p00ps00p the Hill Orc Fighter began the quest for the Orb.
     0 | D:1      | Reached XP level 1. HP: 19/19 MP: 1/1
    31 | D:1      | Found Wugorgh's Distillery.
   354 | D:1      | Reached XP level 2. HP: 27/27 MP: 2/2
   737 | D:2      | Noticed Jessica
   744 | D:2      | Killed Jessica
   745 | D:2      | Reached XP level 3. HP: 33/33 MP: 3/3
   976 | D:2      | Identified the +4 mace of Demonkind {vamp, rF+++ MP+9 Str+3
                  | Dex-2}
  1251 | D:2      | Reached XP level 4. HP: 40/40 MP: 4/4
  1260 | D:2      | Noticed Natasha
  1268 | D:2      | Killed Natasha
  1583 | D:3      | Noticed Grinder
  1590 | D:3      | Paralysed by Grinder for 5 turns
  1602 | D:3      | Paralysed by Grinder for 3 turns
  1606 | D:3      | Killed from afar by Grinder

Illustrated notes

Levels and vault maps discovered:
D:1:      tekkud_arrival_beachfront_property, layout_basic, serial_shops,
          nicolae_shop_industrial_runoff
D:2:      layout_basic, minmay_misc_feat_cross, uniq_natasha, uniq_jessica
D:3:      minmay_bubble_buster, layout_loops_corners,
          nicolae_gozag_seed_capital, mainiacjoe_overflow_alcove_4, uniq_grinder

Skill      XL: |  1  2  3  4 |
---------------+-------------+-----
Axes           | 3 4 |  4.0
Fighting       | 4 |  4.5
Shields        | 4 |  4.1
Armour         | 4 |  4.1

Action                     |  1- 3 |  4- 6 || total
---------------------------+-------+-------++-------
  Melee: War axe           |    79 |    26 ||   105
         Hand axe          |       |    17 ||    17
    Use: Scroll            |     5 |       ||     5
         Potion            |       |     1 ||     1
 Armour: Scale mail        |    37 |    30 ||    67
  Dodge: Dodged            |    46 |    13 ||    59
  Block: Buckler           |    19 |     9 ||    28

Table legend: (Time is in decaauts)
 A = Elapsed time spent in this place.
 B = Non-inter-level travel time spent in this place.
 C = Inter-level travel time spent in this place.
 D = Time resting spent in this place.
 E = Time spent auto-exploring this place.
 F = Levels seen in this place.
 G = Mean time per level.
                   A        B        C        D        E       F      G
               +--------+--------+--------+--------+--------+-----+--------+
         Total |   1648 |   1533 |    115 |      0 |   1162 |   3 |  549.3 |
       Dungeon |   1648 |   1533 |    115 |      0 |   1162 |   3 |  549.3 |
               +--------+--------+--------+--------+--------+-----+--------+

Top non-repeatable levels by time:
     D:2: 829 daAuts
     D:1: 658 daAuts
     D:3: 160 daAuts
